 Dungeon Crawl Stone Soup version 0.31-a0-1612-g4aaf141004 (webtiles) character file.

Game seed: 12918918241097067426

385 Gargoyl the Trooper (level 6, -1/38 HPs)
             Began as a Gargoyle Berserker on Jan 9, 2024.
             Was a Priest of Trog.
             Slain by an ogre
             ... wielding a +0 giant spiked club
              (20 damage)
             ... on level 4 of the Dungeon.
             The game lasted 00:05:14 (2915 turns).

Gargoyl the Trooper (Gargoyle Berserker)            Turns: 2915, Time: 00:05:15

Health: -1/38      AC: 14    Str: 21    XL:     6   Next: 77%
Magic:  15/15      EV:  9    Int:  7    God:    Trog [***...]
Gold:   195        SH:  8    Dex: 14    Spells: 5/5 levels left

rFire   . . .        i - +3 mace of Gearrat {drain, *Corrode rPois MP+9 Dex+3}
rCold   . . .        g - +0 kite shield
rNeg    + . .        f - +0 scale mail
rPois   ∞            k - +0 helmet
rElec   +            h - +1 cloak
rCorr   .            (no gloves)
SInv    .            (no boots)
Will    .....        (no amulet) Stlth
                     (no ring)
HPRegen 0.26/turn    (no ring)
MPRegen 0.14/turn

%: corrode self (3%)
@: no status effects
A: sickness immunity, AC +4, negative energy resistance 1, electricity
resistance, torment resistance 1, petrification resistance
a: Renounce Religion, Berserk, Trog's Hand


You were on level 4 of the Dungeon.
You worshipped Trog.
Trog was most pleased with you.
You visited 1 branch of the dungeon, and saw 4 of its levels.

You collected 195 gold pieces.

Inventory:

Hand Weapons
 a - a +0 hand axe
 i - the +3 mace of Gearrat (weapon) {drain, *Corrode rPois MP+9 Dex+3}
   (You found it on level 2 of the Dungeon)

   Dex+3:     It affects your dexterity (+3).
   rPois:     It protects you from poison MP+9: It affects your magic capacity
   (+9).
   *Corrode:  It may corrode you when you take damage.
 j - a +0 spear
Armour
 f - a +0 scale mail (worn)
 g - a +0 kite shield (worn)
 h - a +1 cloak (worn)
 k - a +0 helmet (worn)
Wands
 b - a wand of polymorph (10)
 l - a wand of paralysis (6)
Scrolls
 c - 3 scrolls of identify
 d - 2 scrolls of silence
 m - a scroll of enchant armour
 o - a scroll of fog
 p - a scroll of vulnerability
Potions
 e - a potion of haste {unknown}
 n - 2 potions of curing {unknown}
 q - a potion of degeneration {unknown}
 r - a potion of invisibility {unknown}


   Skills:
 + Level 4.0 Fighting
 + Level 3.7(4.4) Axes
 + Level 3.7(4.6) Maces & Flails
 + Level 3.4 Armour
 + Level 2.6 Dodging
 + Level 0.3 Stealth
 + Level 0.7 Shields
 + Level 0.3 Unarmed Combat


You had 5 spell levels left.
You didn't know any spells.
Your spell library was empty.

Dungeon Overview and Level Annotations

Branches:
Dungeon (4/15)
 Temple: D:4-7

Altars:
Ashenzari
Ru
Yredelemnul

Shops:
D:1 :


Innate Abilities, Weirdness & Mutations

You are immune to sickness and miasma.
Your stone body is resilient. (AC +4)
You are immune to poison.
You resist negative energy. (rN+)
You are resistant to electric shocks. (rElec)
You are resistant to unholy torment.
You are immune to petrification.


Message History

Trog accepts your kill.
The goblin shoots a sling bullet.
You block the sling bullet.
Things that are here:
a +2 short sword of flaming; a kobold corpse The goblin shoots a sling bullet.
The sling bullet hits you.
The goblin unwields a +0 sling.
The goblin wields a +0 club.
The goblin hits you but does no damage.
You barely miss the goblin. The goblin hits you but does no damage.
You block the goblin's attack.
You closely miss the goblin. You block the goblin's attack.
You closely miss the goblin. The goblin hits you but does no damage.
You thump the goblin!
You kill the goblin!
Trog accepts your kill.
Things that are here:
a +0 club; a +0 sling You open the door.
There is an open door here.
An ogre comes into view. It is wielding a +0 giant spiked club.
The ogre shouts!
An ogre is nearby!
An ogre is nearby!
An ogre is nearby!
You hit the ogre.
The ogre is lightly wounded.
The ogre closely misses you.
You sock the ogre!
The ogre is heavily wounded.
The ogre barely misses you.
You hit the ogre.
The ogre is heavily wounded.
The ogre hits you with a +0 giant spiked club!
You hit the ogre. You drain the ogre.
The ogre is severely wounded.
The ogre hits you with a +0 giant spiked club!
You barely miss the ogre.
The ogre is severely wounded.
The ogre hits you with a +0 giant spiked club!!
Ouch! That really hurt!
You die...

## #. #O######### #.@.......#
#.#######.# #.# #.# ##########
#.# #.# ..........
#.#######.######
#.....#######.#..............#
..............#..............#
#.....#...#####..............##..
..........†..................##..


You could see an ogre (drained).

Vanquished Creatures
  Sigmund (D:3)
  A bombardier beetle (D:4)
  Terence (D:2)
  An orc wizard (D:4)
  Robin (D:3)
  2 adders
  2 dart slugs (D:1)
  A ribbon worm (D:3)
  4 orcs (D:4)
  9 endoplasms
  8 giant cockroaches
  20 goblins
  13 hobgoblins
  7 jackals (D:1)
  3 quokkas
  5 ball pythons
  8 bats
  4 frilled lizards
  5 kobolds
  5 rats
101 creatures vanquished.

Notes
Turn   | Place    | Note
-------+----------+-------------------------------------------
     0 | D:1      | Gargoyl the Gargoyle Berserker began the quest for the Orb.
     0 | D:1      | Reached XP level 1. HP: 14/14 MP: 1/1
    28 | D:1      | Reached XP level 2. HP: 10/19 MP: 2/2
   379 | D:1      | Found Opsoodaz's Book Boutique.
   424 | D:1      | Reached XP level 3. HP: 13/24 MP: 3/3
   510 | D:1      | Reached ** piety under Trog
   947 | D:2      | Noticed Terence
   951 | D:2      | Killed Terence
   952 | D:2      | Reached XP level 4. HP: 29/29 MP: 4/4
  1260 | D:2      | Identified the +3 mace of Gearrat {drain, *Corrode rPois
                  | MP+9 Dex+3}
  1809 | D:3      | Found a sacrificial altar of Ru.
  1930 | D:3      | Found a basalt altar of Yredelemnul.
  1930 | D:3      | Noticed Robin
  1964 | D:3      | Reached XP level 5. HP: 31/33 MP: 5/5
  1967 | D:3      | Reached skill level 1 in Maces & Flails
  1997 | D:3      | Killed Robin
  2180 | D:3      | Noticed Sigmund
  2194 | D:3      | Killed Sigmund
  2195 | D:3      | Reached skill level 4 in Fighting
  2195 | D:3      | Reached XP level 6. HP: 38/38 MP: 6/6
  2618 | D:4      | Found a broken altar of Ashenzari.
  2802 | D:4      | Reached *** piety under Trog
  2915 | D:4      | Slain by an ogre

Illustrated notes

Levels and vault maps discovered:
D:1:      dpeg_arrival_simpleton_a, layout_basic, serial_shops, shop_statue,
          st_stairs_6
D:2:      layout_loops_ring, uniq_terence
D:3:      layout_loops_ring, mainiacjoe_overflow_six_doors_small,
          mainiacjoe_overflow_concentric_impassable, minmay_goblin_kobold_house,
          uniq_robin, uniq_sigmund
D:4:      layout_basic, mainiacjoe_overflow_chevrons, minmay_quantized

Skill      XL: |  1  2  3  4  5 |
---------------+----------------+-----
Axes           | 3 |  3.7
Dodging        | 2 |  2.6
Armour         | 3 |  3.4
Maces & Flails | 3 |  3.7
Fighting       | 4 |  4.0
Stealth        | |  0.3
Shields        | |  0.7
Unarmed Combat | |  0.3

Action                     |  1- 3 |  4- 6 || total
---------------------------+-------+-------++-------
  Melee: Hand axe          |   121 |    17 ||   138
         Punch             |     1 |       ||     1
         Mace              |       |   137 ||   137
         Unarmed           |       |     8 ||     8
 Invoke: Berserk           |     1 |     2 ||     3
         Trog's Hand       |       |     3 ||     3
    Use: Scroll            |     1 |     6 ||     7
         Potion            |       |     1 ||     1
 Armour: Animal skin       |    23 |       ||    23
         Scale mail        |    90 |   137 ||   227
         Skin              |       |     1 ||     1
  Dodge: Dodged            |   110 |   100 ||   210
  Block: Kite shield       |       |    37 ||    37

Table legend: (Time is in decaauts)
 A = Elapsed time spent in this place.
 B = Non-inter-level travel time spent in this place.
 C = Inter-level travel time spent in this place.
 D = Time resting spent in this place.
 E = Time spent auto-exploring this place.
 F = Levels seen in this place.
 G = Mean time per level.
                   A        B        C        D        E       F      G
               +--------+--------+--------+--------+--------+-----+--------+
         Total |   2997 |   2908 |     89 |      0 |   2031 |   4 |  749.2 |
       Dungeon |   2997 |   2908 |     89 |      0 |   2031 |   4 |  749.2 |
               +--------+--------+--------+--------+--------+-----+--------+

Top non-repeatable levels by time:
     D:1: 900 daAuts
     D:3: 888 daAuts
     D:2: 861 daAuts
     D:4: 346 daAuts
